 Dungeon Crawl Stone Soup version 0.29-a0-338-g1ff7896281 (webtiles) character file.

Game seed: 12157470916688750781

21 spaghetti the Covert (level 2, -2/29 HPs)
             Began as a Gnoll Delver on Apr 18, 2022.
             Slain by a phantom (6 damage)
             ... on level 5 of the Dungeon.
             The game lasted 00:01:01 (457 turns).

spaghetti the Covert (Gnoll Delver)                  Turns: 457, Time: 00:01:01

Health: -2/29      AC:  3    Str: 11    XL:     2   Next: 83%
Magic:  2/2        EV: 13    Int:  9    God:
Gold:   17         SH:  0    Dex: 13    Spells: 2/2 levels left

rFire   . . .      SeeInvis .   a - +0 short sword {short}
rCold   . . .      Faith    .   (no shield)
rNeg    . . .      Spirit   .   b - +0 leather armour
rPois   .          Reflect  .   (no helmet)
rElec   .          Harm     .   (no cloak)
rCorr   .          Rampage  .   (no gloves)
Will    .....                   (no boots)
Stlth   ++++......              (no amulet)
HPRegen 0.09/turn               (no ring)
MPRegen 0.08/turn               (no ring)

@: no status effects
A: fangs 1, strong nose, distributed training
a: no special abilities


You were on level 5 of the Dungeon.
You visited 1 branch of the dungeon, and saw 2 of its levels.

You collected 17 gold pieces.


Innate Abilities, Weirdness & Mutations

You have very sharp teeth.
Your uncanny sense of smell can sniff out nearby items.
Your experience applies equally to all skills.


   Skills:
 + Level 6.5 Fighting
 + Level 4.5 Short Blades
 + Level 0.5 Long Blades
 + Level 0.5 Axes
 + Level 0.5 Maces & Flails
 + Level 0.5 Polearms
 + Level 0.5 Staves
 + Level 0.5 Slings
 + Level 0.5 Bows
 + Level 0.5 Crossbows
 + Level 0.5 Throwing
 + Level 0.5 Armour
 + Level 4.5 Dodging
 + Level 9.5 Stealth
 + Level 0.5 Shields
 + Level 0.5 Unarmed Combat
 + Level 0.5 Spellcasting
 + Level 0.3 Conjurations
 + Level 0.3 Hexes
 + Level 0.3 Summonings
 + Level 0.3 Necromancy
 + Level 0.3 Translocations
 + Level 0.3 Transmutations
 + Level 0.3 Fire Magic
 + Level 0.3 Ice Magic
 + Level 0.3 Air Magic
 + Level 0.3 Earth Magic
 + Level 0.3 Poison Magic
 + Level 0.6 Invocations
 + Level 0.5 Evocations


You had 2 spell levels left.
You didn't know any spells.
Your spell library contained the following spells:

 Spells                   Type           Power      Damage    Failure   Level
 Tukima's Dance           Hex            0%         N/A       80%         3
 Anguish                  Hex/Necr       0%         N/A       99%         4
 Enfeeble                 Hex            0%         N/A       100%        7

Inventory:

Hand Weapons
 a - a +0 short sword (weapon) {short}
Armour
 b - a +0 leather armour (worn)
Wands
 g - a wand of digging (3)
Scrolls
 c - a scroll of fog
 d - a scroll of teleportation {unknown}

Dungeon Overview and Level Annotations

Branches:
Dungeon (5/15)
 Temple: D:4-7

Altars:

********,,,,,*,,,,,*..**.#.
#.,,,,..#,,,,*,,,,,*#.##.#.
##.#####.###***,***,##..#.#.
#####..........,,,*,* #.#...#.#.
#............#***,*,***,......#.
#............# *.#,,,,,,,#..##.
#............# #.#**####*#.....
#............####.#,,.....#...#.
#.............W@#.#,*#..........
#............####.#,*#.##.#.....
#.................#,**,*#.#.....
######............#,#*,*#,#....>
#.......###.###...#.#*,**∆#...#.
#.####..# #.# ###.#.##.#*,#..##.
#.####..###.# #......#*,##....
#.#.........# #.#######.######
#.#.#######.#####.........#


You could see a phantom.


Message History

Unknown command.
Unknown command.
You are too injured to fight recklessly!
Your extra speed is starting to run out.
You feel yourself slow down.
You pick up a book of Maledictions and begin reading...
You add the spells Tukima's Dance, Anguish and Enfeeble to your library. 😎 HP[+10]
Your hp is fully restored (29).
Key pressed, stopping explore.
d - a scroll labelled SIALEO PUSA
Okay, then.
An adder comes into view.
An adder is nearby!
An adder is nearby!
An adder is nearby!
An orc comes into view. It is wielding a +0 flail.
The orc shouts!
The adder hisses angrily.
The adder bites you. The adder completely misses you.
The orc moves out of view. 😕 HP[-2]
You take 2 damage, and now have 27/29 hp.
You are too injured to fight recklessly!
You are too injured to fight recklessly!
You are too injured to fight recklessly!
You are too injured to fight recklessly!
You are too injured to fight recklessly!
You are too injured to fight recklessly!
You are too injured to fight recklessly!
You are too injured to fight recklessly!
An adder is nearby!
An adder is nearby!
An adder is nearby!
You closely miss the adder. The adder bites you but does no damage.
You miss the adder. The adder barely misses you.
You hit the adder. You bite the adder, but do no damage.
The adder closely misses you.
You miss the adder. Your bite misses the adder. The adder misses you.
You hit the adder. The adder misses you.
You hit the adder but do no damage. The adder bites you but does no damage.
The adder bites you.
You are poisoned.
The adder poisons you! 😕 HP[-1]
You take 1 damage, and now have 26/29 hp.
You hit the adder.
You kill the adder!
You feel sick. 😕 HP[-2]
You take 2 damage, and now have 24/29 hp.
You hit the orc.
You feel sick.
The orc hits you with a +0 flail. 😮 HP[-6]
You take 6 damage, and now have 18/29 hp.
MASSIVE DAMAGE!! (PAUSE)
You barely miss the orc.
You feel sick. The orc hits you with a +0 flail.
* * * LOW HITPOINT WARNING * * *
😨 HP[-5]
You take 5 damage, and now have 13/29 hp.
You completely miss the orc. Your bite misses the orc.
You feel sick. The orc misses you. 😨 HP[-1]
You take 1 damage, and now have 12/29 hp.
Unknown command.
You closely miss the orc. Your bite misses the orc.
You feel sick.
You completely miss the orc.
You feel sick. 😨 HP[-1]
You take 1 damage, and now have 11/29 hp.
You closely miss the orc.
You feel sick.
You are no longer poisoned.
The orc hits you with a +0 flail!
* * * LOW HITPOINT WARNING * * *
😱 HP[-8]
You take 8 damage, and now have 3/29 hp.
MASSIVE DAMAGE!! (PAUSE)
You aren't carrying any potions.
As you read the scroll of fear, it crumbles to dust.
You assume a fearsome visage.
The orc looks frightened!
Okay, then.
The orc gives up.
(D) Dungeon
Where to? (Enter - D:4, ? - help)
There is a stone staircase leading up here.
You climb upwards.
The phantom misses you. The phantom hits you.
* * * LOW HITPOINT WARNING * * *
There is a stone staircase leading down here.
Okay, then.
The phantom misses you.
You climb downwards.
There is a stone staircase leading up here.
Unknown command.
Unknown command.
You aren't carrying any potions.
Okay, then.
You barely miss the phantom. 😱 HP[+1] Unknown command.
You hit the phantom. The phantom closely misses you.
Unknown command.
You hit the phantom. The phantom hits you.
You die...

Skill      XL: | |
---------------+-+-----
Stealth        | |  9.5
Fighting       | |  6.5
Short Blades   | |  4.5
Long Blades    | |  0.5
Axes           | |  0.5
Maces & Flails | |  0.5
Polearms       | |  0.5
Staves         | |  0.5
Slings         | |  0.5
Bows           | |  0.5
Crossbows      | |  0.5
Throwing       | |  0.5
Armour         | |  0.5
Dodging        | |  4.5
Shields        | |  0.5
Unarmed Combat | |  0.5
Spellcasting   | |  0.5
Conjurations   | |  0.3
Hexes          | |  0.3
Summonings     | |  0.3
Necromancy     | |  0.3
Translocations | |  0.3
Transmutations | |  0.3
Fire Magic     | |  0.3
Ice Magic      | |  0.3
Air Magic      | |  0.3
Earth Magic    | |  0.3
Poison Magic   | |  0.3
Invocations    | |  0.6
Evocations     | |  0.5

Action                   || total
-------------------------++-------
Melee: Short sword       ||    31
       Bite              ||     2
  Use: Scroll            ||     2
       Potion            ||     1
 Stab: Sleeping          ||     1
Armor: Leather armour    ||     4
Dodge: Dodged            ||    22

Levels and vault maps discovered:
D:4:      minmay_goblin_kobold_castle, layout_loops_ring,
          nicolae_uskayaw_dance_hall, minmay_temple_entry_mini_moons,
          serial_shops, nicolae_shop_hallway_plus, minmay_crossroads
D:5:      layout_basic, nicolae_gozag_zags_fifth_avenue, uniq_ijyb

Notes
Turn   | Place    | Note
-------+----------+-------------------------------------------
     0 | D:5      | Reached skill level 9 in Stealth
     0 | D:5      | spaghetti the Gnoll Delver began the quest for the Orb.
     0 | D:5      | Reached XP level 1. HP: 23/23 MP: 1/1
     0 | D:5      | magus.rc [v1.9.6]
    13 | D:5      | Reached XP level 2. HP: 29/29 MP: 2/2
   212 | D:4      | Noticed a phantom
   362 | D:5      | You pick up a book of Maledictions and begin reading...
   362 | D:5      | You add the spells Tukima's Dance, Anguish and Enfeeble to
                  | your library.
   435 | D:5      | HP: 3/29 [orc/+0 flail (7)]
   452 | D:4      | HP: 3/29 [phantom (1)]
   457 | D:5      | Slain by a phantom

Vanquished Creatures
  2 adders (D:5)
  An orc (D:4)
  A ball python (D:4)
4 creatures vanquished.

Table legend:
 A = Non-vault XP
 B = Vault XP
 C = Vault XP percentage of total XP
 D = Non-vault monster count
 E = Vault monster count
 F = Vault count percentage of total count
                 A         B        C        D         E       F
            +---------+---------+-------+---------+---------+-------
      Total |      30 |       0 |   0.0 |       4 |       0 |   0.0
            +---------+---------+-------+---------+---------+-------
        D:4 |       4 |       0 |   0.0 |       2 |       0 |   0.0
        D:5 |      26 |       0 |   0.0 |       2 |       0 |   0.0
            +---------+---------+-------+---------+---------+-------

Illustrated notes

Table legend:
 A = Kills in this place as a percentage of kills in entire the game.
 B = Kills by you in this place as a percentage of kills by you in the entire game.
 C = Kills by friends in this place as a percentage of kills by friends in the entire game.
 D = Other kills in this place as a percentage of other kills in the entire game.
 E = Experience gained in this place as a percentage of experience gained in the entire game.
 F = Experience gained in this place divided by the number of levels of this place that you have seen.
                   A       B       C       D       E      F
               +-------+-------+-------+-------+-------+----------------------
         Total | 100.0 | 100.0 |   N/A |   N/A | 100.0 |  15.0
       Dungeon | 100.0 | 100.0 |   N/A |   N/A | 100.0 |  15.0
               +-------+-------+-------+-------+-------+----------------------

Table legend: (Time is in decaauts)
 A = Elapsed time spent in this place.
 B = Non-inter-level travel time spent in this place.
 C = Inter-level travel time spent in this place.
 D = Time resting spent in this place.
 E = Time spent auto-exploring this place.
 F = Levels seen in this place.
 G = Mean time per level.
                   A        B        C        D        E       F      G
               +--------+--------+--------+--------+--------+-----+--------+
         Total |    435 |    423 |     12 |      0 |    331 |   2 |  217.5 |
       Dungeon |    435 |    423 |     12 |      0 |    331 |   2 |  217.5 |
               +--------+--------+--------+--------+--------+-----+--------+

Top non-repeatable levels by time:
     D:5: 254 daAuts
     D:4: 180 daAuts
